 Dungeon Crawl Stone Soup version 0.30.0-29-ga12c61a403 (webtiles) character file.

Game seed: 11922249774018898662

1262 GimliDwarf the Chucker (level 8, -8/52 HPs)
             Began as a Gnoll Wanderer on June 23, 2023.
             Was a Follower of Hepliaklqana.
             Mangled by an ogre
             ... wielding a +0 giant spiked club
              (19 damage)
             ... on level 7 of the Dungeon.
             The game lasted 00:22:03 (5940 turns).

GimliDwarf the Chucker (Gnoll Wanderer)             Turns: 5940, Time: 00:22:04

Health: -8/52      AC: 15    Str: 17    XL:     8   Next: 52%
Magic:  14/14      EV: 12    Int:  8    God:    Hepliaklqana [*.....]
Gold:   238        SH:  0    Dex: 15    Spells: 8/16 levels left

rFire   . . .        u - +3 spear "Vaxzistra" {drain, Str+4}
rCold   . . .        (no shield)
rNeg    + + .        z - +5 ring mail of the Trout {Slay+2}
rPois   +            (no helmet)
rElec   .            w - +2 ratskin cloak {*Rats rPois rN+ Str-1 Int-1 Dex+1}
rCorr   .            (no gloves)
SInv    .            i - +0 pair of boots
Will    .....        (no amulet)
Stlth   ++           m - ring of positive energy
HPRegen 0.28/turn    v - ring of wizardry
MPRegen 0.14/turn

%: wizardry (x1)
@: no status effects
A: reduced essence, fangs 1, strong nose, distributed training
a: Renounce Religion, Recall Ancestor, Ancestor Identity


You were on level 7 of the Dungeon.
You worshipped Hepliaklqana.
Hepliaklqana was aware of your devotion.
You visited 2 branches of the dungeon, and saw 9 of its levels.

You collected 238 gold pieces.

Inventory:

Hand Weapons
 j - a +2 dagger of flaming
 o - a +0 shortbow
 u - the +3 spear "Vaxzistra" (weapon) {drain, Str+4}
   (You found it on level 4 of the Dungeon)

   Str:       It affects your strength (+4).
 x - a +3 quarterstaff of chaos
 y - a +3 heavy scythe
 A - a +1 antimagic war axe
Armour
 i - a +0 pair of boots (worn)
 l - a +0 leather armour
 w - the +2 ratskin cloak (worn) {*Rats rPois rN+ Str-1 Int-1 Dex+1}
   (You found it on level 5 of the Dungeon)

   *Rats:     When the wearer is hurt, rats may emerge from it to assist them.
   Str:       It affects your strength (-1).
   Int:       It affects your intelligence (-1).
   Dex:       It affects your dexterity (+1).
   rPois:     It protects you from poison.
   rN:        It protects you from negative energy.
 z - the +5 ring mail of the Trout (worn) {Slay+2}
   (You found it on level 2 of the Dungeon)

   Slay:      It affects your accuracy & damage with ranged weapons and melee
   (+2).
Magical Staves
 n - a staff of conjuration
Jewellery
 d - an amulet of guardian spirit
 f - a ring of magical power
 m - a ring of positive energy (left hand)
 t - a ring of poison resistance
 v - a ring of wizardry (right hand)
Scrolls
 h - 2 scrolls of fog {unknown}
 k - 2 scrolls of silence {unknown}
 q - 2 scrolls of immolation {unknown}
 r - 4 scrolls of identify {unknown}
 B - a scroll of brand weapon {unknown}
 C - a scroll of torment {unknown}
Potions
 a - 2 potions of haste {unknown}
 b - 2 potions of brilliance {unknown}
 c - 2 potions of curing {unknown}
 e - 2 potions of heal wounds {unknown}
 g - 2 potions of resistance {unknown}
 p - a potion of invisibility {unknown}
 s - a potion of magic {unknown}


   Skills:
 + Level 3.4 Fighting
 + Level 3.4 Short Blades
 + Level 3.4 Long Blades
 + Level 3.4 Axes
 + Level 3.4 Maces & Flails
 + Level 3.4 Polearms
 + Level 3.4 Staves
 + Level 5.8 Ranged Weapons
 + Level 5.8 Throwing
 + Level 4.4 Armour
 + Level 3.4 Dodging
 + Level 5.5 Stealth
 + Level 3.4 Shields
 + Level 3.4 Unarmed Combat
 + Level 4.5 Spellcasting
 + Level 2.8 Conjurations
 + Level 2.8 Hexes
 + Level 2.8 Summonings
 + Level 2.8 Necromancy
 + Level 2.8 Translocations
 + Level 2.8 Transmutations
 + Level 4.8 Fire Magic
 + Level 2.8 Ice Magic
 + Level 2.8 Air Magic
 + Level 2.8 Earth Magic
 + Level 2.8 Poison Magic
 + Level 3.8 Invocations
 + Level 3.4 Evocations


You had 8 spell levels left.
You knew the following spells:

 Your Spells              Type           Power      Damage    Failure   Level
a - Foxfire               Conj/Fire      28%        2x1d5     4%          1
b - Volatile Blastmotes   Fire/Tloc      14%        2d11      12%         3
c - Flame Wave            Conj/Fire      7%         2d5       36%         4

Your spell library contained the following spells:

 Spells                   Type           Power      Damage    Failure   Level
 Lesser Beckoning         Tloc           12%        N/A       9%          2
 Gell's Gravitas          Tloc           6%         N/A       17%         3
 Teleport Other           Tloc           6%         N/A       17%         3
 Fireball                 Conj/Fire      3%         3d4       69%         5
 Plasma Beam              Fire/Air       3%         2x1d15    99%         6
 Starburst                Conj/Fire      3%         6d3       99%         6


Dungeon Overview and Level Annotations

Branches:
Dungeon (8/15)             Temple (1/1) D:4
   Lair: D:8-11

Altars:
Ashenzari
Cheibriados
Dithmenos
Elyvilon
Fedhas
Gozag
Hepliaklqana
Kikubaaqudgha
Nemelex Xobeh
Okawaru
Qazlal
Sif Muna
Trog
Uskayaw
Vehumet
Wu Jian
Xom
Yredelemnul

Annotations:
D:2 Robin
D:6 Pikel


Innate Abilities, Weirdness & Mutations

Your life essence is reduced to manifest your ancestor. (-10% HP)
You have very sharp teeth.
Your uncanny sense of smell can sniff out nearby items.
Your experience applies equally to all skills.


Message History

The bullfrog hits you but does no damage.
Found a runed mace.
The bullfrog closely misses you. The orc attacks as you move away!
The orc misses you. The bullfrog hits you.
* * * LOW HITPOINT WARNING * * *
The bullfrog attacks as you move away! The bullfrog hits you.
* * * LOW HITPOINT WARNING * * *
Found a falchion.
The bullfrog barely misses you.
The bullfrog hits you but does no damage.
The orc attacks as you move away! The orc closely misses you.
The bullfrog closely misses you. The orc attacks as you move away!
The orc hits you but does no damage.
The sky beast flickers out of sight!
Deactivating autopickup; reactivate with Ctrl-A.
The bullfrog hits you but does no damage.
The bullfrog attacks as you move away!
The bullfrog hits you but does no damage.
A sky beast appears from thin air!
Reactivating autopickup.
An ice beast comes into view.
Found a green potion.
The bullfrog barely misses you. The bullfrog attacks as you move away!
The bullfrog hits you but does no damage.
Deactivating autopickup; reactivate with Ctrl-A.
Something tries to affect you, but you resist.
The orc misses you. The bullfrog misses you.
The bullfrog attacks as you move away! The bullfrog closely misses you.
Found a ring mail.
The orc barely misses you. The bullfrog attacks as you move away!
The bullfrog hits you but does no damage.
The orc attacks as you move away! The orc hits you but does no damage.
Found 8 stones.
The orc misses you. The bullfrog hits you.
* * * LOW HITPOINT WARNING * * *
A river rat scurries out from under your cloak.
The goblin misses your river rat.
Your river rat closely misses the sky beast.
The ogre attacks as you move away!
The ogre hits you with a +0 giant spiked club!!
You die...

.....#..........#.....#.
........##........##....
..............#.........
........................
.!......................
.....Y#.......~.........
......##..o.............
.......#YFg..)..........
.......@Or.........##...
...............##......#
##.#....#......###......
#....##.....#........
#.##[##.............$
#.∆#.###............. (
... ...........## .# ###
............
.......≈~~~~


You could see an ice beast, a sky beast (ally target), an ogre, a bullfrog, an
orc, a goblin and a friendly river rat.

Vanquished Creatures
  Duvessa (D:5)
  An ogre (D:4)
  A centaur (D:4)
  A gnoll sergeant (D:6)
  2 scorpions (D:5)
  Dowan (D:5)
  A howler monkey (D:7)
  Crazy Yiuf (D:3)
  2 orc wizards
  8 gnolls (D:6)
  4 adders
  A shadow imp (D:6)
  2 white imps (D:5)
  An ufetubus (D:4)
  A worm (D:2)
  3 dart slugs
  13 orcs
  4 ball pythons
  3 endoplasms
  7 giant cockroaches
  6 hobgoblins
  A jackal (D:3)
  7 kobolds
  A quokka (D:4)
  6 bats
  2 frilled lizards (D:3)
  10 goblins
  4 rats
95 creatures vanquished.

Vanquished Creatures (collateral kills)
  Sigmund (D:2)
  An ice beast (D:5)
  2 wights (D:6)
  A jelly (D:6)
  A gnoll (D:6)
  An ufetubus (D:7)
7 creatures vanquished.

Vanquished Creatures (others)
  2 ancestors (D:6)
  46 foxfires
48 creatures vanquished.

Grand Total: 150 creatures vanquished

Notes
Turn   | Place    | Note
-------+----------+-------------------------------------------
     0 | D:1      | GimliDwarf the Gnoll Wanderer began the quest for the Orb.
     0 | D:1      | GimliDwarf set off with the following items: a +0 sling, a
                  | +0 scale mail, a potion of attraction; and the following
                  | spell memorised: Foxfire; and the following spells
                  | available to memorise: Volatile Blastmotes, Flame Wave.
     0 | D:1      | Reached XP level 1. HP: 13/13 MP: 4/4
   155 | D:1      | Reached XP level 2. HP: 19/19 MP: 5/5
   888 | D:2      | Reached XP level 3. HP: 20/25 MP: 7/7
   977 | D:2      | Found a hide-covered altar of Uskayaw.
  1021 | D:2      | Noticed Robin
  1031 | D:2      | Noticed Sigmund
  1302 | D:2      | Reached skill level 1 in Invocations
  1376 | D:2      | Identified the +0 chain mail "Rojiavom" {+Inv rC+ rN+
                  | Stlth+}
  1592 | D:2      | Reached skill level 1 in Fighting
  1592 | D:2      | Reached skill level 1 in Short Blades
  1592 | D:2      | Reached skill level 1 in Long Blades
  1592 | D:2      | Reached skill level 1 in Axes
  1592 | D:2      | Reached skill level 1 in Maces & Flails
  1592 | D:2      | Reached skill level 1 in Polearms
  1592 | D:2      | Reached skill level 1 in Staves
  1592 | D:2      | Reached skill level 1 in Dodging
  1592 | D:2      | Reached skill level 1 in Shields
  1592 | D:2      | Reached skill level 1 in Unarmed Combat
  1592 | D:2      | Reached skill level 1 in Evocations
  1746 | D:2      | Identified the +5 ring mail of the Trout {Slay+2}
  2033 | D:3      | Found a runed translucent door.
  2034 | D:3      | Noticed Crazy Yiuf
  2186 | D:3      | Found a faded altar of an unknown god.
  2351 | D:4      | Found a bloodstained altar of Trog.
  2363 | D:4      | Reached XP level 4. HP: 32/32 MP: 8/8
  2489 | D:4      | Found a staircase to the Ecumenical Temple.
  2490 | D:4      | Identified the +3 spear "Vaxzistra" {drain, Str+4}
  2493 | D:4      | Noticed an ogre
  2703 | Temple   | Entered the Ecumenical Temple
  2976 | Temple   | Became a worshipper of Hepliaklqana the Forgotten
  3034 | D:4      | Reached skill level 1 in Conjurations
  3034 | D:4      | Reached skill level 1 in Hexes
  3034 | D:4      | Reached skill level 1 in Summonings
  3034 | D:4      | Reached skill level 1 in Necromancy
  3034 | D:4      | Reached skill level 1 in Translocations
  3034 | D:4      | Reached skill level 1 in Transmutations
  3034 | D:4      | Reached skill level 1 in Ice Magic
  3034 | D:4      | Reached skill level 1 in Air Magic
  3034 | D:4      | Reached skill level 1 in Earth Magic
  3034 | D:4      | Reached skill level 1 in Poison Magic
  3138 | D:4      | Found a shimmering blue altar of Sif Muna.
  3220 | D:4      | Killed an ogre
  3221 | D:4      | Reached XP level 5. HP: 30/37 MP: 9/9
  3463 | D:4      | Found a stormy altar of Qazlal.
  3478 | D:4      | Found a shadowy altar of Dithmenos.
  3697 | D:4      | Found an iron altar of Okawaru.
  3728 | D:4      | Learned a level 3 spell: Volatile Blastmotes
  3733 | D:4      | Learned a level 4 spell: Flame Wave
  3734 | D:5      | Entered Level 5 of the Dungeon
  3741 | D:5      | Found the +2 ratskin cloak {*Rats rPois rN+ Str-1 Int-1
                  | Dex+1}
  3787 | D:5      | Noticed an ice beast
  3800 | D:5      | Reached skill level 5 in Ranged Weapons
  3800 | D:5      | Reached skill level 5 in Throwing
  3800 | D:5      | Reached XP level 6. HP: 40/44 MP: 11/11
  3835 | D:5      | Killed an ice beast
  4008 | D:5      | Found an ancient bone altar of Kikubaaqudgha.
  4063 | D:5      | Reached XP level 7. HP: 46/50 MP: 12/12
  4128 | D:5      | Noticed Duvessa
  4232 | D:3      | Killed Crazy Yiuf
  4308 | D:2      | Killed Sigmund
  4309 | D:2      | Reached skill level 5 in Stealth
  4751 | D:5      | Noticed Dowan
  4992 | D:5      | Reached * piety under Hepliaklqana
  5218 | D:5      | Killed Duvessa
  5228 | D:5      | Killed Dowan
  5229 | D:5      | Reached XP level 8. HP: 26/52 MP: 14/14
  5484 | D:6      | Found a radiant altar of Vehumet.
  5538 | D:6      | Noticed Pikel
  5747 | D:6      | You fall into a shaft and drop 2 floors!
  5940 | D:7      | Mangled by an ogre

Illustrated notes

Levels and vault maps discovered:
D:1:      dpeg_arrival_renting, layout_basic
D:2:      minmay_chambers_of_ones, layout_loops_ring, basic_altar, uniq_robin,
          uniq_sigmund
D:3:      layout_rooms, basic_ecumenical_altar, kennysheep_generic_room_7,
          uniq_crazy_yiuf_cottage
D:4:      layout_loops_ring, kennysheep_little_box,
          mainiacjoe_overflow_six_doors_small, mainiacjoe_overflow_tiny_flanked,
          amcnicky_altar_gilded, old_standard_altar,
          minmay_temple_entry_crystal_x
D:5:      layout_loops_ring, lemuel_crystal_altar, nicolae_underground_beach,
          uniq_duvessa
D:6:      layout_basic, tso_altar, mainiacjoe_overflow_paths, uniq_pikel
D:7:      layout_cave_pools, nicolae_ru_the_path_less_chosen, enter_bailey_3,
          serial_bayou_lagoon_a, hangedman_abyss_or_decor_passed
D:8:      cheibrodos_wizards_tower, layout_loops_corners,
          mainiacjoe_overflow_alcove_1, lair_entry_dummy, gammafunk_ghost_grave,
          kennysheep_decorative_pillar, nicolae_stop_n_shop_2,
          nicolae_stop_n_shop_1, nicolae_figureground_sparkle
Temple:   minmay_temple_curvy_loop

Skill      XL: |  1  2  3  4  5  6  7 |
---------------+----------------------+-----
Invocations    | 1 2 3 |  3.8
Fighting       | 1 2 3 |  3.4
Short Blades   | 1 2 3 |  3.4
Long Blades    | 1 2 3 |  3.4
Axes           | 1 2 3 |  3.4
Maces & Flails | 1 2 3 |  3.4
Polearms       | 1 2 3 |  3.4
Staves         | 1 2 3 |  3.4
Dodging        | 1 2 3 |  3.4
Shields        | 1 2 3 |  3.4
Unarmed Combat | 1 2 3 |  3.4
Evocations     | 1 2 3 |  3.4
Spellcasting   | 3 4 |  4.5
Conjurations   | 1 2 |  2.8
Hexes          | 1 2 |  2.8
Summonings     | 1 2 |  2.8
Necromancy     | 1 2 |  2.8
Translocations | 1 2 |  2.8
Transmutations | 1 2 |  2.8
Ice Magic      | 1 2 |  2.8
Air Magic      | 1 2 |  2.8
Earth Magic    | 1 2 |  2.8
Poison Magic   | 1 2 |  2.8
Armour         | 3 4 |  4.4
Fire Magic     | 4 |  4.8
Ranged Weapons | 5 |  5.8
Throwing       | 5 |  5.8
Stealth        | 5 |  5.5

Action                     |  1- 3 |  4- 6 |  7- 9 || total
---------------------------+-------+-------+-------++-------
  Melee: Unarmed           |     1 |       |       ||     1
         Spear             |       |    70 |    90 ||   160
         Punch             |       |     2 |     2 ||     4
         Bite              |       |     5 |     9 ||    14
   Fire: Sling             |   177 |    23 |       ||   200
   Cast: Foxfire           |     2 |    14 |    10 ||    26
         Volatile Blastmot |       |       |     3 ||     3
 Invoke: Ancestor Identity |       |       |     1 ||     1
   Stab: Sleeping          |       |     6 |     1 ||     7
         Distracted        |       |     1 |     2 ||     3
 Armour: Scale mail        |    50 |       |       ||    50
         Leather armour    |    13 |    17 |       ||    30
         Skin              |     2 |       |       ||     2
         Ring mail         |       |       |    79 ||    79
  Dodge: Dodged            |    54 |    49 |    86 ||   189
